 Dungeon Crawl Stone Soup version 0.29.1-13-g9f3cf754e1 (webtiles) character file.

Game seed: 16261021004341643357

116 Priul the Grave Robber (level 4, -4/24 HPs)
             Began as a Deep Elf Necromancer on Feb 8, 2023.
             Killed by divine providence
             ... invoked by an orc priest
              (12 damage)
             ... on level 3 of the Dungeon.
             The game lasted 00:08:17 (1748 turns).

Priul the Grave Robber (Deep Elf Necromancer)       Turns: 1748, Time: 00:08:17

Health: -4/24      AC:  2    Str:  5    XL:     4   Next: 69%
Magic:  2/12       EV: 16    Int: 22    God:
Gold:   107        SH:  0    Dex: 15    Spells: 4/12 levels left

rFire   . . .      SeeInvis .   e - +0 short sword
rCold   . . .      Faith    .   (no shield)
rNeg    . . .      Spirit   .   a - +0 robe
rPois   .          Reflect  .   (no helmet)
rElec   .          Harm     .   (no cloak)
rCorr   .          Rampage  .   (no gloves)
Will    .....                   (no boots)
Stlth   ++........              (no amulet)
HPRegen 0.08/turn               c - +4 ring of evasion
MPRegen 0.13/turn               (no ring)

@: animating dead
A: no striking features
a: no special abilities


You were on level 3 of the Dungeon.
You visited 1 branch of the dungeon, and saw 3 of its levels.

You collected 107 gold pieces.

Inventory:

Hand Weapons
 e - a +0 short sword (weapon)
Armour
 a - a +0 robe (worn)
Jewellery
 c - a +4 ring of evasion (left hand)
Scrolls
 d - a scroll of teleportation
 g - a scroll of magic mapping
 h - a scroll of amnesia
 j - a scroll of silence
Potions
 b - a potion of magic
 f - 2 potions of mutation {unknown}
 i - 2 potions of curing


   Skills:
 + Level 2.5 Dodging
 + Level 2.6 Stealth
 + Level 4.9 Spellcasting
 + Level 6.3 Necromancy


You had 4 spell levels left.
You knew the following spells:

 Your Spells              Type           Power      Damage    Failure   Level
a - Necrotise             Necr           100%       1d9       1%          1
b - Vampiric Draining     Necr           33%        2d8       2%          3
c - Animate Dead          Necr           33%        N/A       8%          4

Your spell library contained the following spells:

 Spells                   Type           Power      Damage    Failure   Level
 Agony                    Necr           33%        N/A       22%         5


Dungeon Overview and Level Annotations

Branches:
Dungeon (3/15)

Altars:
Dithmenos

Annotations:
D:3 Sigmund


Message History

You kill the orc!
The dead are walking!
An orc priest comes into view. It is wielding a +0 short sword.
Your orc skeleton closely misses the orc.
You see here a +0 club.
Casting: Necrotise (safe; 1% risk of failure)
Confirm with . or Enter, or press ? or * to list all spells.
Aiming: Necrotise (safe; 1% risk of failure)
Press: ? - help, Shift-Dir - straight line, f - orc
Aim: an orc, wielding a +0 club and wearing a +0 ring mail (ally target, chance to affect: 93%)
The orc writhes in agony!
You kill the orc!
The dead are walking!
Your orc skeleton completely misses the orc priest.
Casting: Necrotise (safe; 1% risk of failure)
Confirm with . or Enter, or press ? or * to list all spells.
Aiming: Necrotise (safe; 1% risk of failure)
Press: ? - help, Shift-Dir - straight line, f - orc priest
Aim: an orc priest, wielding a +0 short sword (ally target, chance to affect: 83%)
The orc priest writhes in agony!
Your orc skeleton crumbles into dust!
The orc priest invokes the aid of Beogh against you.
Beogh smites you!
Ouch! That really hurt!
Your orc skeleton hits the orc priest but does no damage.
Casting: Necrotise (safe; 1% risk of failure)
Confirm with . or Enter, or press ? or * to list all spells.
Aiming: Necrotise (safe; 1% risk of failure)
Press: ? - help, Shift-Dir - straight line, f/p - orc priest
Aim: an orc priest, wielding a +0 short sword (severely wounded, ally target, chance to affect: 83%)
The orc priest writhes in agony.
The orc priest hits your orc zombie with a +0 short sword!
Your orc skeleton hits the orc priest.
The orc priest hits your orc zombie with a +0 short sword.
Your orc zombie is destroyed!
Your orc skeleton completely misses the orc priest.
The orc priest invokes the aid of Beogh against you.
Beogh smites you!
Ouch! That really hurt!
You die...

.# #####..
.####....# ..##....#
#.##....# ##
#.##....# ##8##
#.......#
#.oZ.###.......#
##Z.#Z........#
#...@.##......#
##.)####......######
#.... #...#.......##
##8## #....#...#....
## #.......###..[
#...##..###..#
#.#.###..#..##
#....##.....##
#.............


You could see an orc priest (ally target) and 3 friendly orc skeletons.

Vanquished Creatures
  An iguana (D:3)
  2 adders (D:2)
  4 dart slugs
  5 orcs (D:3)
  7 endoplasms
  2 giant cockroaches (D:2)
  10 goblins
  2 hobgoblins
  6 quokkas
  A ball python (D:3)
  3 bats
  A frilled lizard (D:2)
  2 kobolds
  4 rats
50 creatures vanquished.

Vanquished Creatures (collateral kills)
  An endoplasm (D:1)
  A frilled lizard (D:2)
2 creatures vanquished.

Vanquished Creatures (others)
  An orc zombie (D:3)
1 creature vanquished.

Grand Total: 53 creatures vanquished

Notes
Turn   | Place    | Note
-------+----------+-------------------------------------------
     0 | D:1      | Priul the Deep Elf Necromancer began the quest for the Orb.
     0 | D:1      | Reached XP level 1. HP: 10/10 MP: 6/6
    48 | D:1      | Reached skill level 5 in Necromancy
   412 | D:1      | Reached XP level 2. HP: 15/15 MP: 6/8
   480 | D:1      | Found a faded altar of an unknown god.
   690 | D:1      | Reached XP level 3. HP: 19/19 MP: 2/10
   694 | D:1      | Learned a level 3 spell: Vampiric Draining
  1245 | D:2      | Reached XP level 4. HP: 21/24 MP: 9/12
  1572 | D:3      | Noticed Sigmund
  1584 | D:3      | Learned a level 4 spell: Animate Dead
  1593 | D:3      | Found a shadowy altar of Dithmenos.
  1610 | D:3      | Reached skill level 6 in Necromancy
  1748 | D:3      | Killed from afar by an orc priest

Illustrated notes

Levels and vault maps discovered:
D:1:      minmay_arrival_four_circles, layout_rooms,
          ebering_ecumenical_altar_rust, st_stairs_8
D:2:      layout_basic
D:3:      layout_basic, nicolae_dithmenos_shadow_blocks, pf_guarded_unrand_meek,
          uniq_sigmund

Skill      XL: |  1  2  3  4 |
---------------+-------------+-----
Necromancy     | 5 6 |  6.3
Spellcasting   | 4 |  4.9
Dodging        | |  2.5
Stealth        | |  2.6

Action                   |  1- 3 |  4- 6 || total
-------------------------+-------+-------++-------
 Cast: Necrotise         |    66 |    24 ||    90
       Animate Dead      |       |     1 ||     1
  Use: Scroll            |       |     5 ||     5
Dodge: Dodged            |     4 |     2 ||     6
